Map: Orbital Shipyard

Players

wabbajack - Winner!

  • Race: Terran Terran
  • League: Gold

VOD

Have the link to the VOD?

Description

Time

  • Played on: July 17, 2015, 11:33 a.m.
  • Length: 6:07
Show
View Real Time Build Order
Export as new Build Order

wabbajack Terran - Winner!

Build Orders:  

Get SALT Encoding   

  12  0:02  SCV  
  12  0:14  SCV  
  12  0:19  Supply Depot  
  12  0:26  SCV  
  12  0:40  SCV  
  12  0:53  SCV  
  12  1:01  Command Center  
  12  1:05  SCV  
  12  1:17  Barracks  
  12  1:19  SCV  
  12  1:31  SCV  
  12  1:34  Supply Depot  
  12  1:35  Refinery  
  12  1:43  SCV  
  12  1:48  Refinery  
  12  1:56  SCV  
  12  2:09  Orbital Command  
  12  2:11  Marine  
  12  2:16  Orbital Command  
  12  2:37  Factory  
  12  2:39  Barracks  
  12  2:45  SCV  
  12  2:47  SCV  
  12  2:48  Barracks Reactor  
  12  3:10  SCV x2  
  12  3:18  Supply Depot  
  12  3:22  SCV x2  
  12  3:25  Starport  
  12  3:34  SCV x2  
  12  3:35  Barracks Reactor  
  12  3:37  Barracks Tech Lab  
  12  3:38  Hellion x2  
  12  3:46  Armory  
  12  3:55  Supply Depot  
  12  3:58  SCV x2  
  12  4:00  Hellion x2  
  12  4:07  Liberator  
  12  4:27  Medivac  
  12  4:32  SCV x2  
  12  4:33  Supply Depot  
  12  4:38  Barracks Reactor  
  12  4:39  Marine  
  12  4:40  Hellion x2  
  12  4:44  SCV, Liberator  
  12  4:45  SCV, Supply Depot  
  12  4:56  Supply Depot  
  12  5:05  Marine  
  12  5:07  Hellion x2  
  12  5:08  Supply Depot  
  12  5:31  Marine x2  
  12  5:32  Marauder  
  12  5:34  Medivac  
  12  5:37  Hellion x2  
Tags
 
Add a new tag
Caveats
  • Supply blocks, unpowered buildings, or Contaminate may cause inaccurate times.
  • Supply counts are checked every 10 seconds.